SAAA
HIALEAH DODOS @ SCRANTON SUPERNOVAS
08/21/2042
 
TOP OF THE 1ST
Hialeah Dodos batting - Pitching for Scranton Supernovas : LHP Emilio Linger
Pitching: LHP Emilio Linger
Batting: RHB Sergio San Martín 0-0: Called Strike
0-1: Ball
1-1: Ball
2-1: Foul Ball, location: 2F
2-2: Ground out 4-3 (Groundball, 4, EV 86.9 MPH)
Batting: LHB Richard Edwards 0-0: Ball
1-0: Foul Ball, location: 2F
1-1: Ball
2-1: Swinging Strike
2-2: Ball
3-2: Foul Ball, location: 2F
3-2: Ground out 6-3 (Groundball, 56, EV 103.1 MPH)
Batting: RHB Juan Reyes 0-0: Ball
1-0: Swinging Strike
1-1: Ball
2-1: Ball
3-1: Ground out 6-3 (Groundball, 6, EV 88.1 MPH)
Top of the 1st over - 0 runs, 0 hits, 0 errors, 0 left on base; Hialeah 0 - Scranton 0
BOTTOM OF THE 1ST
Scranton Supernovas batting - Pitching for Hialeah Dodos : RHP César Soto
Pitching: RHP César Soto
Batting: RHB Yong-ho Jheon 0-0: Foul Ball, location: 2F
0-1: Called Strike
0-2: Foul Ball, location: 2F
0-2: Ball
1-2: Ball
2-2: Strikes out swinging
Batting: RHB Zhong-yan Zhang 0-0: Ball
1-0: Swinging Strike
1-1: Ball
2-1: Swinging Strike
2-2: Ball
3-2: Strikes out swinging, 2-3 out at first.
Batting: RHB August Force 0-0: Ball
1-0: Fly out, F9 (Flyball, 9LMF, EV 83.8 MPH)
Bottom of the 1st over - 0 runs, 0 hits, 0 errors, 0 left on base; Hialeah 0 - Scranton 0
TOP OF THE 2ND
Hialeah Dodos batting - Pitching for Scranton Supernovas : LHP Emilio Linger
Batting: LHB Keith Pick 0-0: Ball
1-0: Swinging Strike
1-1: Swinging Strike
1-2: Foul Ball, location: 2F
1-2: Foul Ball, location: 2F
1-2: Fly out, F8 (Flyball, 8LS, EV 76.9 MPH)
Batting: LHB Gabriel Montoya 0-0: Foul Ball, location: 2F
0-1: Ball
1-1: Ball
2-1: Foul Ball, location: 2F
2-2: Ball
3-2: Strikes out swinging, 2-3 out at first.
Batting: LHB Ramón Morterero 0-0: Ball
1-0: Ball
2-0: Foul Ball, location: 2F
2-1: Foul Ball, location: 2F
2-2: SOLO HOME RUN (Flyball, 7LD, EV 93.8 MPH), Distance : 354 ft
Batting: RHB Chrysler Rodriguez 0-0: Ball
1-0: Swinging Strike
1-1: Swinging Strike
1-2: Strikes out swinging
Top of the 2nd over - 1 run, 1 hit, 0 errors, 0 left on base; Hialeah 1 - Scranton 0
BOTTOM OF THE 2ND
Scranton Supernovas batting - Pitching for Hialeah Dodos : RHP César Soto
Batting: LHB Guan-pei Bei 0-0: Called Strike
0-1: Ball
1-1: Ball
2-1: Called Strike
2-2: Ball
3-2: Foul Ball, location: 2F
3-2: SINGLE (Line Drive, 34D, EV 105.0 MPH)
Batting: RHB Phil Moore 0-0: Ball
1-0: Swinging Strike
1-1: Grounds into double play, 5-4-3 (Groundball, 56S, EV 80.6 MPH)
Batting: RHB Gene Wilson 0-0: Ball
1-0: Ball
2-0: Fly out, F7 (Line Drive, 7, EV 92.5 MPH)
Bottom of the 2nd over - 0 runs, 1 hit, 0 errors, 0 left on base; Hialeah 1 - Scranton 0
TOP OF THE 3RD
Hialeah Dodos batting - Pitching for Scranton Supernovas : LHP Emilio Linger
Batting: RHB Yaakov Shmerkin 0-0: Called Strike
0-1: Ball
1-1: Ball
2-1: Ball
3-1: Foul Ball, location: 2F
3-2: Base on Balls
Batting: SHB Xavier Mercier 0-0: Ball
1-0: Ball
2-0: Ball
3-0: Base on Balls
Yaakov Shmerkin to second
Batting: RHB Sergio San Martín 0-0: Swinging Strike
0-1: Ball
1-1: Ball
2-1: Ball
3-1: Fielders Choice at 2nd, 6-4 (Groundball, 6S, EV 91.2 MPH)
Yaakov Shmerkin to third
Batting: LHB Richard Edwards 0-0: Ball
1-0: Swinging Strike
1-1: Foul Ball, location: 2F
1-2: Ball
2-2: Ball
3-2: Ground out 4-3 (Groundball, 4, EV 110.6 MPH)
Yaakov Shmerkin scores
Sergio San Martín to second
Batting: RHB Juan Reyes 0-0: Called Strike
0-1: Ball
1-1: Foul Ball, location: 2F
1-2: Ball
2-2: Ball
3-2: Foul Ball, location: 2F
3-2: Foul Ball, location: 2F
3-2: Base on Balls
Batting: LHB Keith Pick 0-0: Ball
1-0: Swinging Strike
1-1: Fielders Choice at 2nd, 5-4 (Groundball, 56, EV 101.2 MPH)
Top of the 3rd over - 1 run, 0 hits, 0 errors, 2 left on base; Hialeah 2 - Scranton 0
BOTTOM OF THE 3RD
Scranton Supernovas batting - Pitching for Hialeah Dodos : RHP César Soto
Batting: LHB Quentin Batkin 0-0: SINGLE (Groundball, 4MD, EV 100.0 MPH)
Batting: RHB Guillermo Alessandrini 0-0: Swinging Strike
0-1: Grounds into double play, 1-4-3 (Groundball, 15, EV 89.4 MPH)
Batting: RHB Domingo Cabrera 0-0: Called Strike
0-1: Ball
1-1: Ball
2-1: Ball
3-1: Base on Balls
Batting: RHB Yong-ho Jheon 0-0: Ball
1-0: Foul Ball, location: 2F
1-1: Ball
2-1: Ball
3-1: Foul Ball, location: 2F
3-2: Ground out 1-3 (Groundball, 15S, EV 66.2 MPH)
Bottom of the 3rd over - 0 runs, 1 hit, 0 errors, 1 left on base; Hialeah 2 - Scranton 0
TOP OF THE 4TH
Hialeah Dodos batting - Pitching for Scranton Supernovas : LHP Emilio Linger
Batting: LHB Gabriel Montoya 0-0: Ball
1-0: Ball
2-0: Ball
3-0: Called Strike
3-1: Called Strike
3-2: Fly out, F9 (Flyball, 89XD, EV 90.6 MPH)
Batting: LHB Ramón Morterero 0-0: Ball
1-0: Ball
2-0: Ball
3-0: Called Strike
3-1: Foul Ball, location: 2F
3-2: Ground out 6-3 (Groundball, 6M, EV 78.8 MPH)
Batting: RHB Chrysler Rodriguez 0-0: Ball
1-0: Called Strike
1-1: Ball
2-1: Ball
3-1: Base on Balls
Batting: RHB Yaakov Shmerkin 0-0: Swinging Strike
0-1: Ball
1-1: Swinging Strike
1-2: Ball
2-2: Ball
3-2: Ground out 6-3 (Groundball, 6, EV 88.8 MPH)
Top of the 4th over - 0 runs, 0 hits, 0 errors, 1 left on base; Hialeah 2 - Scranton 0
BOTTOM OF THE 4TH
Scranton Supernovas batting - Pitching for Hialeah Dodos : RHP César Soto
Batting: RHB Zhong-yan Zhang 0-0: Swinging Strike
0-1: Ball
1-1: Ball
2-1: Foul Ball, location: 2F
2-2: Foul Ball, location: 2F
2-2: Ground out 4-3 (Groundball, 4, EV 85.0 MPH)
Batting: RHB August Force 0-0: Ball
1-0: Called Strike
1-1: Foul Ball, location: 2F
1-2: Ball
2-2: Ball
3-2: Foul Ball, location: 2F
3-2: Base on Balls
Batting: LHB Guan-pei Bei 0-0: Ball
1-0: Ball
2-0: Called Strike
2-1: 2-RUN HOME RUN (Line Drive, 9D, EV 102.5 MPH), Distance : 400 ft
Batting: RHB Phil Moore 0-0: SOLO HOME RUN (Flyball, 7D, EV 107.5 MPH), Distance : 380 ft
Batting: RHB Gene Wilson 0-0: Called Strike
0-1: Called Strike
0-2: Strikes out swinging
Batting: LHB Quentin Batkin 0-0: Swinging Strike
0-1: SINGLE (Groundball, 56, EV 100.6 MPH) (infield hit)
Batting: RHB Guillermo Alessandrini 0-0: Called Strike
0-1: Ground out 4-3 (Groundball, 34, EV 86.2 MPH)
Bottom of the 4th over - 3 runs, 3 hits, 0 errors, 1 left on base; Hialeah 2 - Scranton 3
TOP OF THE 5TH
Hialeah Dodos batting - Pitching for Scranton Supernovas : LHP Emilio Linger
Batting: SHB Xavier Mercier 0-0: Reached on error, E4 (Groundball, 4, EV 104.4 MPH)
Batting: RHB Sergio San Martín 0-0: Ball
1-0: Ball
2-0: Sac Bunt to 25 - play at first, batter OUT! 5-4
Xavier Mercier to second
Batting: LHB Richard Edwards 0-0: Called Strike
0-1: Ball
1-1: Ground out 4-3 (Groundball, 4, EV 101.2 MPH)
Xavier Mercier to third
Batting: RHB Juan Reyes 0-0: Swinging Strike
0-1: Called Strike
0-2: Ball
1-2: Strikes out swinging
Top of the 5th over - 0 runs, 0 hits, 1 error, 1 left on base; Hialeah 2 - Scranton 3
BOTTOM OF THE 5TH
Scranton Supernovas batting - Pitching for Hialeah Dodos : RHP César Soto
Batting: RHB Domingo Cabrera 0-0: Ground out 1-3 (Groundball, 13S, EV 65.6 MPH)
Batting: RHB Yong-ho Jheon 0-0: Bunted foul
0-1: Ball
1-1: Ball
2-1: Foul Ball, location: 2F
2-2: Foul Ball, location: 2F
2-2: Ball
3-2: Ground out 4-3 (Groundball, 4M, EV 88.1 MPH)
Batting: RHB Zhong-yan Zhang 0-0: Ball
1-0: Foul Ball, location: 2F
1-1: Swinging Strike
1-2: SINGLE (Flyball, 9S, EV 90.0 MPH)
Batting: RHB August Force 0-0: Ball
1-0: Foul Ball, location: 2F
1-1: Ball
2-1: Fielders Choice at 2nd, 6-4 (Groundball, 6, EV 83.8 MPH)
Bottom of the 5th over - 0 runs, 1 hit, 0 errors, 1 left on base; Hialeah 2 - Scranton 3
TOP OF THE 6TH
Hialeah Dodos batting - Pitching for Scranton Supernovas : LHP Emilio Linger
Batting: LHB Keith Pick 0-0: Foul Ball, location: 2F
0-1: Ground out 1-3 (Groundball, 34S, EV 84.4 MPH)
Batting: LHB Gabriel Montoya 0-0: Called Strike
0-1: Ball
1-1: Ground out 4-3 (Groundball, 34D, EV 96.9 MPH)
Batting: LHB Ramón Morterero 0-0: SINGLE (Groundball, 34D, EV 96.9 MPH)
Batting: RHB Chrysler Rodriguez 0-0: SINGLE (Groundball, 34D, EV 101.2 MPH)
Ramón Morterero to second
Runner from 2nd tries for 3rd, SAFE, throw by RF made to third
Batting: RHB Yaakov Shmerkin 0-0: Foul Ball, location: 2F
0-1: SINGLE (Line Drive, 78S, EV 105.6 MPH)
Ramón Morterero scores
Chrysler Rodriguez to second
Pitching: RHP Robert Smith
Batting: SHB Xavier Mercier 0-0: Ball
1-0: Ball
2-0: Foul Ball, location: 2F
2-1: Ball
3-1: Called Strike
3-2: Strikes out swinging
Top of the 6th over - 1 run, 3 hits, 0 errors, 2 left on base; Hialeah 3 - Scranton 3
BOTTOM OF THE 6TH
Scranton Supernovas batting - Pitching for Hialeah Dodos : RHP César Soto
Batting: LHB Guan-pei Bei 0-0: Called Strike
0-1: Foul Ball, location: 2F
0-2: Ground out 5-3 (Groundball, 5, EV 106.9 MPH)
Batting: RHB Phil Moore 0-0: Swinging Strike
0-1: Foul Ball, location: 2F
0-2: SINGLE (Groundball, 56D, EV 93.8 MPH)
Batting: RHB Gene Wilson 0-0: Called Strike
0-1: Foul Ball, location: 2F
0-2: Ball
1-2: Foul Ball, location: 2F
1-2: Ball
2-2: Ball
3-2: Grounds into double play, 4-6-3 (Groundball, 4, EV 81.2 MPH)
Bottom of the 6th over - 0 runs, 1 hit, 0 errors, 0 left on base; Hialeah 3 - Scranton 3
TOP OF THE 7TH
Hialeah Dodos batting - Pitching for Scranton Supernovas : RHP Robert Smith
Batting: RHB Sergio San Martín 0-0: Ground out 4-3 (Groundball, 4, EV 85.6 MPH)
Batting: LHB Richard Edwards 0-0: Swinging Strike
0-1: Foul Ball, location: 2F
0-2: Strikes out looking
Batting: RHB Juan Reyes 0-0: Ball
1-0: Fly out, F7 (Flyball, 7S, EV 75.6 MPH)
Top of the 7th over - 0 runs, 0 hits, 0 errors, 0 left on base; Hialeah 3 - Scranton 3
BOTTOM OF THE 7TH
Scranton Supernovas batting - Pitching for Hialeah Dodos : RHP César Soto
Pitching: RHP Wendell Drabek
Batting: LHB Quentin Batkin 0-0: Called Strike
0-1: Ball
1-1: Foul Ball, location: 2F
1-2: Foul Ball, location: 2F
1-2: Foul Ball, location: 2F
1-2: Foul Ball, location: 2F
1-2: Hit by Pitch
Batting: RHB Guillermo Alessandrini 0-0: Called Strike
0-1: Called Strike
0-2: Grounds into double play, 6-4-3 (Groundball, 6, EV 90.6 MPH)
Batting: RHB Domingo Cabrera 0-0: Ball
1-0: Ball
2-0: Foul Ball, location: 2F
2-1: Ball
3-1: Foul Ball, location: 2F
3-2: Foul Ball, location: 2F
3-2: Base on Balls
Batting: RHB Yong-ho Jheon 0-0: Ball
1-0: Swinging Strike
1-1: Ball
2-1: Swinging Strike
2-2: Ball
3-2: Strikes out looking
Bottom of the 7th over - 0 runs, 0 hits, 0 errors, 1 left on base; Hialeah 3 - Scranton 3
TOP OF THE 8TH
Hialeah Dodos batting - Pitching for Scranton Supernovas : RHP Robert Smith
Batting: LHB Keith Pick 0-0: Called Strike
0-1: Ball
1-1: Ball
2-1: Called Strike
2-2: SINGLE (Groundball, 4MD, EV 99.4 MPH)
Batting: LHB Gabriel Montoya 0-0: Ball
1-0: Ball
2-0: Called Strike
2-1: Called Strike
2-2: Foul Ball, location: 2F
2-2: Strikes out looking and he ARGUES THE CALL AND IS TOSSED!
Batting: LHB Ramón Morterero 0-0: Foul Ball, location: 2F
0-1: Swinging Strike
0-2: Ball
1-2: Ball
2-2: Ball
3-2: Strikes out swinging
Batting: RHB Chrysler Rodriguez 0-0: Swinging Strike
0-1: Ball
1-1: Ball
2-1: Reached on error, E5 (Groundball, 5, EV 88.8 MPH)
Keith Pick to second
Pinch Runner at 2nd Dallas McMurran:
Batting: RHB Yaakov Shmerkin 0-0: Called Strike
0-1: Swinging Strike
0-2: Foul Ball, location: 2F
0-2: Foul Ball, location: 2F
0-2: Foul Ball, location: 2F
0-2: Fly out, F9 (Flyball, 89D, EV 91.9 MPH)
Top of the 8th over - 0 runs, 1 hit, 1 error, 2 left on base; Hialeah 3 - Scranton 3
BOTTOM OF THE 8TH
Scranton Supernovas batting - Pitching for Hialeah Dodos : RHP Wendell Drabek
Now at 3B: Dallas McMurran
Now in RF: Alfonso Cabedo
Batting: RHB Zhong-yan Zhang 0-0: Ball
1-0: Called Strike
1-1: SINGLE (Line Drive, 34D, EV 96.9 MPH)
Batting: RHB August Force 0-0: Called Strike
0-1: Ball
1-1: Swinging Strike
1-2: Strikes out swinging
Pitching: RHP John Stevens
Batting: LHB Guan-pei Bei 0-0: Called Strike
0-1: Ball
1-1: Ball
2-1: Called Strike
2-2: Ball
Zhong-yan Zhang is caught stealing 2nd base 2-6
3-2: Ground out 6-3 (Groundball, 6, EV 80.6 MPH)
Bottom of the 8th over - 0 runs, 1 hit, 0 errors, 0 left on base; Hialeah 3 - Scranton 3
TOP OF THE 9TH
Hialeah Dodos batting - Pitching for Scranton Supernovas : RHP Robert Smith
Pinch Hitting: RHB Eddie Neef 0-0: Called Strike
0-1: Foul Ball, location: 2F
0-2: Foul Ball, location: 2F
0-2: Ball
1-2: Ball
2-2: Foul Ball, location: 2F
2-2: Foul Ball, location: 2F
2-2: Ball
3-2: Base on Balls
Batting: RHB Sergio San Martín 0-0: Called Strike
0-1: Bunt missed!
0-2: Fielders Choice at 2nd, 6-4 (Groundball, 6, EV 90.0 MPH)
Batting: LHB Richard Edwards 0-0: Foul Ball, location: 2F
0-1: Ball
1-1: Ball
2-1: Foul Ball, location: 2F
2-2: Ball
3-2: Fly out, F1 (Line Drive, P, EV 74.4 MPH)
Batting: RHB Juan Reyes 0-0: Ball
1-0: Called Strike
1-1: Foul Ball, location: 2F
1-2: Fly out, F8 (Flyball, 8RM, EV 91.9 MPH)
Top of the 9th over - 0 runs, 0 hits, 0 errors, 1 left on base; Hialeah 3 - Scranton 3
BOTTOM OF THE 9TH
Scranton Supernovas batting - Pitching for Hialeah Dodos : RHP John Stevens
Now at C: Ray Covalt
Pinch Hitting: SHB John Clements 0-0: Foul Ball, location: 2F
0-1: Ball
1-1: Ball
2-1: Foul Ball, location: 2F
2-2: Ball
3-2: Strikes out swinging
Batting: RHB Gene Wilson 0-0: Foul Ball, location: 2F
0-1: Ball
1-1: Ball
2-1: Ground out 2-3 (Groundball, 2L, EV 70.6 MPH)
Batting: LHB Quentin Batkin 0-0: Ball
1-0: Called Strike
1-1: DOUBLE (Flyball, 8LXD, EV 96.2 MPH)
Pinch Hitting: LHB Bill Stanton 0-0: Intentional Walk
Pinch Hitting: RHB Jerry Scott 0-0: Ball
1-0: Called Strike
1-1: Ball
2-1: Called Strike
2-2: Fly out, F4 (Popup, 34S, EV 79.4 MPH)
Bottom of the 9th over - 0 runs, 1 hit, 0 errors, 2 left on base; Hialeah 3 - Scranton 3
TOP OF THE 10TH
Hialeah Dodos batting - Pitching for Scranton Supernovas : RHP Robert Smith
Pitching: RHP Roberto Morales
Now at C: Pancho Hernández
Now at 1B: Bill Stanton
Now at 3B: Zacarías Salazar
Batting: LHB Dallas McMurran 0-0: Ball
1-0: Ball
2-0: Foul Ball, location: 2F
2-1: Swinging Strike
2-2: Foul Ball, location: 2F
2-2: Ground out U3 (Groundball, 3, EV 101.9 MPH)
Batting: RHB Alfonso Cabedo 0-0: Called Strike
0-1: Called Strike
0-2: Ball
1-2: Ball
2-2: Strikes out swinging
Batting: LHB Ramón Morterero 0-0: Ball
1-0: Swinging Strike
1-1: Ball
2-1: Ball
3-1: Foul Ball, location: 2F
3-2: Strikes out looking
Top of the 10th over - 0 runs, 0 hits, 0 errors, 0 left on base; Hialeah 3 - Scranton 3
BOTTOM OF THE 10TH
Scranton Supernovas batting - Pitching for Hialeah Dodos : RHP John Stevens
Pitching: LHP Hakan Yilmanz
Batting: RHB Yong-ho Jheon 0-0: Called Strike
0-1: Ground out 1-3 (Groundball, 15S, EV 70.0 MPH)
Batting: RHB Zhong-yan Zhang 0-0: Ball
1-0: Called Strike
1-1: Ball
2-1: Ball
3-1: Foul Ball, location: 2F
3-2: Strikes out swinging
Batting: RHB August Force 0-0: Called Strike
0-1: SINGLE (Groundball, 6MD, EV 109.4 MPH)
Batting: LHB Guan-pei Bei 0-0: Ball
1-0: Foul Ball, location: 2F
1-1: Ball
2-1: Foul Ball, location: 2F
2-2: Foul Ball, location: 2F
2-2: Fly out, F8 (Line Drive, 8RD, EV 93.1 MPH)
Bottom of the 10th over - 0 runs, 1 hit, 0 errors, 1 left on base; Hialeah 3 - Scranton 3
TOP OF THE 11TH
Hialeah Dodos batting - Pitching for Scranton Supernovas : RHP Roberto Morales
Batting: RHB Chrysler Rodriguez 0-0: SINGLE (Line Drive, 4D, EV 99.4 MPH)
Batting: RHB Yaakov Shmerkin 0-0: Bunted foul
0-1: Bunt missed!
0-2: Ball
1-2: Grounds into double play, 4-6-3 (Groundball, 4M, EV 89.4 MPH)
Batting: RHB Ray Covalt 0-0: Foul Ball, location: 2F
0-1: Foul Ball, location: 2F
0-2: Ball
1-2: Ball
2-2: Ball
3-2: Foul Ball, location: 2F
3-2: Foul Ball, location: 2F
3-2: Foul Ball, location: 2F
3-2: Foul Ball, location: 2F
3-2: Foul Ball, location: 2F
3-2: Foul Ball, location: 2F
3-2: Base on Balls
Batting: RHB Sergio San Martín 0-0: Ball
1-0: Foul Ball, location: 2F
1-1: Ball
2-1: Ball
3-1: Swinging Strike
3-2: Fly out, F6 (Line Drive, 6, EV 68.8 MPH)
Top of the 11th over - 0 runs, 1 hit, 0 errors, 1 left on base; Hialeah 3 - Scranton 3
BOTTOM OF THE 11TH
Scranton Supernovas batting - Pitching for Hialeah Dodos : LHP Hakan Yilmanz
Batting: RHB Pancho Hernández 0-0: Ball
1-0: Foul Ball, location: 2F
1-1: Called Strike
1-2: Ball
2-2: Foul Ball, location: 2F
2-2: Ground out 5-3 (Groundball, 5, EV 86.2 MPH)
Batting: RHB Gene Wilson 0-0: Ground out 1-3 (Groundball, 25, EV 70.0 MPH)
Batting: LHB Quentin Batkin 0-0: Foul Ball, location: 2F
0-1: Foul Ball, location: 2F
0-2: Ball
1-2: Foul Ball, location: 2F
1-2: Ball
2-2: Ball
3-2: Fly out, F7 (Flyball, 7, EV 90.6 MPH)
Bottom of the 11th over - 0 runs, 0 hits, 0 errors, 0 left on base; Hialeah 3 - Scranton 3
TOP OF THE 12TH
Hialeah Dodos batting - Pitching for Scranton Supernovas : RHP Roberto Morales
Pitching: RHP Santiago Morán
Batting: LHB Richard Edwards 0-0: Called Strike
0-1: Ball
1-1: Swinging Strike
1-2: Ball
2-2: Foul Ball, location: 2F
2-2: SOLO HOME RUN (Flyball, 7D, EV 103.8 MPH), Distance : 386 ft
Batting: RHB Juan Reyes 0-0: Ball
1-0: Ground out 6-3 (Groundball, 6, EV 80.6 MPH)
Batting: LHB Dallas McMurran 0-0: Foul Ball, location: 2F
0-1: Ball
1-1: SINGLE (Line Drive, 5D, EV 94.4 MPH)
Batting: RHB Alfonso Cabedo 0-0: Ball
1-0: Ground out 4-3 (Groundball, 4D, EV 107.5 MPH)
Dallas McMurran to second
Batting: LHB Ramón Morterero 0-0: Intentional Walk
Batting: RHB Chrysler Rodriguez 0-0: Ball
1-0: SINGLE (Groundball, 56D, EV 96.2 MPH)
Dallas McMurran to third
Ramón Morterero to second
Runner from 3rd tries for Home, SAFE, no throw by LF
Batting: RHB Yaakov Shmerkin 0-0: Ball
1-0: SINGLE (Groundball, 56D, EV 107.5 MPH)
Ramón Morterero to third
Chrysler Rodriguez to second
Runner from 3rd tries for Home, SAFE, no throw by LF
Batting: RHB Ray Covalt 0-0: Called Strike
0-1: Foul Ball, location: 2F
0-2: Foul Ball, location: 2F
0-2: Ball
1-2: Strikes out looking
Top of the 12th over - 3 runs, 4 hits, 0 errors, 2 left on base; Hialeah 6 - Scranton 3
BOTTOM OF THE 12TH
Scranton Supernovas batting - Pitching for Hialeah Dodos : LHP Hakan Yilmanz
Pitching: LHP Mike Park
Batting: LHB Bill Stanton 0-0: Called Strike
0-1: Foul Ball, location: 2F
0-2: Ball
1-2: Foul Ball, location: 2F
1-2: Ball
2-2: Ball
3-2: Foul Ball, location: 2F
3-2: Fly out, F9 (Flyball, 9LS, EV 85.6 MPH)
Batting: RHB Zacarías Salazar 0-0: Fly out, F6 (Popup, 6D, EV 54.4 MPH)
Batting: RHB Yong-ho Jheon 0-0: Bunted foul
0-1: Called Strike
0-2: Ball
1-2: SINGLE (Line Drive, 78S, EV 101.2 MPH)
Batting: RHB Zhong-yan Zhang 0-0: Ball
1-0: Called Strike
1-1: Ball
2-1: SINGLE (Groundball, 4D, EV 104.4 MPH)
Yong-ho Jheon to second
Batting: RHB August Force 0-0: Foul Ball, location: 2F
0-1: Ball
1-1: Ball
2-1: Fly out, F7 (Flyball, 78M, EV 92.5 MPH)
Bottom of the 12th over - 0 runs, 2 hits, 0 errors, 2 left on base; Hialeah 6 - Scranton 3
Friday, March 26th, 2021 - OOTP Baseball 20.8 Build 74